AoeStats
← Lerone

Glade

511741663Analyzed
1v1 RM · 1mo ago on Oct 6, 2026· 86m 36s· 2 players
Game mode
Random Map
Map size
Tiny (2 player)
Population
200
Speed
Normal
Resources
Standard
Victory
Conquest
Starting age
Dark Age
Ending age
Imperial Age
RankedLock teamsTeams togetherTeam positionsShared explorationLock speedFull tech treeHidden civsTurbo modeCheats
Victory
Defeat
🇧🇷 Franks · Brazil
304
+14
vs
🇩🇪 Bulgarians · Germany
261
-14
Lerone
8:16 Loom
13:38 Feudal Age
15:15 Wheelbarrow
14:27 Double-Bit Axe
14:28 Horse Collar
14:44 Arson
20:03 Gold Mining
28:31 Castle Age
26:27 Fletching
26:48 Forging
26:40 Padded Archer Armor
26:41 Scale Mail Armor
26:51 Stone Mining
27:26 Scale Barding Armor
30:05 Thumb Ring
30:50 Bow Saw
31:45 Gold Shaft Mining
31:45 Stone Shaft Mining
31:07 Bodkin Arrow
31:27 Leather Archer Armor
31:48 Iron Casting
31:28 Chain Mail Armor
31:35 Chain Barding Armor
30:39 Light Cavalry
31:23 Husbandry
31:40 Bloodlines
32:59 Husbandry
35:20 Squires
35:07 Gambesons
39:16 Imperial Age
37:01 Masonry
36:52 Guard Tower
37:21 Town Watch
38:53 Heavy Plow
40:02 Bracer
40:31 Hand Cart
39:58 Elite Skirmisher
41:46 Town Patrol
43:41 Blast Furnace
45:59 Parthian Tactics
46:35 Keep
46:22 Ballistics
46:05 Murder Holes
48:12 Crop Rotation
47:12 Onager
47:14 Capped Ram
49:24 Siege Engineers
49:25 Heavy Cavalry Archer
50:39 Plate Mail Armor
50:44 Plate Barding Armor
50:43 Architecture
50:34 Ballistics
50:37 Cavalier
51:43 Conscription
51:34 Stirrups
51:28 Siege Ram
62:25 Heavy Scorpion
69:09 Bagains
70:23 Chemistry
77:46 Hussar
78:02 Hussar
83:11 Elite Konnik
cristiangossler
1:03 Loom
11:20 Feudal Age
13:14 Wheelbarrow
13:57 Forging
15:30 Fletching
15:05 Man-at-Arms
20:49 Gold Mining
20:52 Stone Mining
20:55 Double-Bit Axe
22:07 Padded Archer Armor
27:27 Castle Age
26:04 Scale Mail Armor
28:41 Hand Cart
27:59 Crossbowman
29:37 Pikeman
30:20 Squires
32:27 Ballistics
32:47 Bow Saw
33:22 Sanctity
32:53 Elite Skirmisher
33:38 Husbandry
34:35 Treadmill Crane
37:31 Iron Casting
37:11 Chain Mail Armor
36:51 Bodkin Arrow
37:13 Leather Archer Armor
37:24 Town Watch
38:52 Town Patrol
42:02 Gold Shaft Mining
40:52 Long Swordsman
45:42 Imperial Age
45:48 Imperial Age
44:24 Scale Barding Armor
44:10 Arson
45:53 Halberdier
45:58 Cavalier
47:42 Blast Furnace
47:38 Ordonnance Companies
49:00 Two-Handed Swordsman
49:26 Gambesons
50:13 Plate Mail Armor
50:04 Chain Barding Armor
52:32 Champion
53:04 Capped Ram
57:44 Paladin
60:12 Chemistry
66:56 Elite Throwing Axeman
68:59 Herbal Medicine
69:39 Theocracy
69:26 Heresy
69:06 Devotion
69:32 Illumination
Connection lost

Rejoining the realm…

Still unreachable

The connection could not be restored.

Session expired

The server has moved on; the page needs a fresh start.